| TOP OF THE 1ST |
|
Indianapolis Indians batting - Pitching for Gwinnett Braves : RHP Chris Thompson
|
|
Pitching: RHP Chris Thompson
|
|
|
Batting: LHB Ricky Ayon
|
0-0: Ball 1-0: Swinging Strike 1-1: Called Strike 1-2: Foul Ball, location: 2F 1-2: Strikes out looking
|
|
Batting: RHB David Contreras
|
0-0: Swinging Strike 0-1: SINGLE (Line Drive, 4M, EV 95.6 MPH)
|
|
Batting: LHB Pat Sutton
|
0-0: Ball 1-0: Called Strike 1-1: Ball 2-1: Ball 3-1: Swinging Strike 3-2: Ground out 4-3 (Groundball, 34, EV 110.6 MPH) David Contreras to second
|
|
Batting: SHB Ben Myers
|
0-0: Ball 1-0: Ball 2-0: Ball 3-0: Base on Balls
|
|
Batting: RHB Bubba Tierney
|
0-0: Ball 1-0: Ball 2-0: Fielders Choice at 2nd, 5-4 (Groundball, 56, EV 96.9 MPH)
|
| Top of the 1st over - 0 runs, 1 hit, 0 errors, 2 left on base; Indianapolis 0 - Gwinnett 0 |
| BOTTOM OF THE 1ST |
|
Gwinnett Braves batting - Pitching for Indianapolis Indians : RHP Walt Quinn
|
|
Pitching: RHP Walt Quinn
|
|
|
Batting: RHB Bill Turnbull
|
0-0: Called Strike 0-1: Swinging Strike 0-2: Foul Ball, location: 2F 0-2: Ball 1-2: Ball 2-2: Foul Ball, location: 2F 2-2: Ball 3-2: Ground out U3 (Groundball, 3, EV 86.3 MPH)
|
|
Batting: LHB Davey Schonewille
|
0-0: Ball 1-0: Ball 2-0: Ball 3-0: Base on Balls
|
|
Batting: RHB Luis Revilla
|
0-0: Foul Ball, location: 2F 0-1: Called Strike 0-2: Ball 1-2: Strikes out swinging
|
|
Batting: LHB Jose Chinchilla
|
0-0: Called Strike 0-1: Ball 1-1: Fielders Choice at 2nd, 6-4 (Groundball, 6, EV 88.1 MPH)
|
| Bottom of the 1st over - 0 runs, 0 hits, 0 errors, 1 left on base; Indianapolis 0 - Gwinnett 0 |
| TOP OF THE 2ND |
|
Indianapolis Indians batting - Pitching for Gwinnett Braves : RHP Chris Thompson
|
|
Batting: RHB Chris McCoy
|
0-0: Ball 1-0: Bunted foul 1-1: SINGLE (Groundball, 5L, EV 99.4 MPH)
|
|
Batting: LHB Jorge Quintana
|
0-0: Called Strike 0-1: Called Strike 0-2: Fly out, F9 (Flyball, 89S, EV 77.5 MPH)
|
|
Batting: SHB Louie Horne
|
0-0: Fly out, F8 (Flyball, 8LD, EV 78.8 MPH)
|
|
Batting: RHB Jorge Cruz
|
0-0: Ground out 5-3 (Groundball, 56S, EV 90.0 MPH)
|
| Top of the 2nd over - 0 runs, 1 hit, 0 errors, 1 left on base; Indianapolis 0 - Gwinnett 0 |
| BOTTOM OF THE 2ND |
|
Gwinnett Braves batting - Pitching for Indianapolis Indians : RHP Walt Quinn
|
|
Batting: RHB Jesse Lester
|
0-0: Ball 1-0: Ball 2-0: Ball 3-0: Called Strike 3-1: Base on Balls
|
|
Batting: LHB Bobby Upton
|
0-0: Foul Ball, location: 2F 0-1: Called Strike 0-2: Foul Ball, location: 2F 0-2: Strikes out swinging
|
|
Batting: LHB Robby Dann
|
0-0: Called Strike 0-1: Called Strike 0-2: Ball 1-2: Ball 2-2: Fielders Choice at 2nd, 5-4 (Groundball, 5, EV 84.4 MPH)
|
|
Batting: RHB Ethan McCullough
|
0-0: Called Strike Robby Dann steals 2nd base 0-1: Ball 1-1: Ball 2-1: Ball 3-1: Foul Ball, location: 2F 3-2: SINGLE (Line Drive, 8LS, EV 111.3 MPH) Robby Dann to third
|
|
Batting: RHB Angel Lescano
|
0-0: Ball 1-0: Called Strike 1-1: Ball 2-1: Fly out, F7 (Flyball, 78D, EV 96.3 MPH)
|
| Bottom of the 2nd over - 0 runs, 1 hit, 0 errors, 2 left on base; Indianapolis 0 - Gwinnett 0 |
| TOP OF THE 3RD |
|
Indianapolis Indians batting - Pitching for Gwinnett Braves : RHP Chris Thompson
|
|
Batting: LHB Ricky Ayon
|
0-0: Ball 1-0: Swinging Strike 1-1: Ground out 4-3 (Groundball, 34, EV 86.3 MPH)
|
|
Batting: RHB David Contreras
|
0-0: Called Strike 0-1: Ground out 6-3 (Groundball, 56, EV 101.9 MPH)
|
|
Batting: LHB Pat Sutton
|
0-0: Called Strike 0-1: Swinging Strike 0-2: Ball 1-2: Foul Ball, location: 2F 1-2: Foul Ball, location: 2F 1-2: Foul Ball, location: 2F 1-2: Ball 2-2: Foul Ball, location: 2F 2-2: Ball 3-2: Strikes out looking
|
| Top of the 3rd over - 0 runs, 0 hits, 0 errors, 0 left on base; Indianapolis 0 - Gwinnett 0 |
| BOTTOM OF THE 3RD |
|
Gwinnett Braves batting - Pitching for Indianapolis Indians : RHP Walt Quinn
|
|
Batting: RHB Bill Turnbull
|
0-0: Ball 1-0: Ball 2-0: Ball 3-0: Base on Balls
|
|
Batting: LHB Davey Schonewille
|
0-0: DOUBLE (Line Drive, 78M, EV 96.3 MPH) Bill Turnbull to third
|
|
Batting: RHB Luis Revilla
|
0-0: Ball 1-0: SINGLE (Flyball, 89S, EV 86.9 MPH) Bill Turnbull scores Davey Schonewille to third Runner from 3rd tries for Home, SAFE, throw by CF to home
|
|
Batting: LHB Jose Chinchilla
|
0-0: Called Strike 0-1: Foul Ball, location: 2F 0-2: SINGLE (Line Drive, 4MD, EV 103.8 MPH) Luis Revilla to second
|
|
Batting: RHB Jesse Lester
|
0-0: Foul Ball, location: 2F 0-1: Ball 1-1: Foul Ball, location: 2F 1-2: Ball 2-2: Ball 3-2: Fielders Choice at 2nd, 2-4 (Groundball, 2L, EV 69.4 MPH) Luis Revilla to third
|
|
Batting: LHB Bobby Upton
|
0-0: Ball 1-0: Ball Jesse Lester steals 2nd base 2-0: Called Strike 2-1: Ball 3-1: SINGLE (Groundball, 34D, EV 97.5 MPH) Luis Revilla scores Jesse Lester to third Runner from 3rd tries for Home, SAFE, throw by RF to home
|
|
Batting: LHB Robby Dann
|
0-0: Called Strike 0-1: Swinging Strike 0-2: Strikes out swinging
|
|
Batting: RHB Ethan McCullough
|
0-0: Ball 1-0: Called Strike 1-1: Ball 2-1: Foul Ball, location: 2F 2-2: Strikes out swinging
|
| Bottom of the 3rd over - 4 runs, 4 hits, 0 errors, 1 left on base; Indianapolis 0 - Gwinnett 4 |
| TOP OF THE 4TH |
|
Indianapolis Indians batting - Pitching for Gwinnett Braves : RHP Chris Thompson
|
|
Batting: SHB Ben Myers
|
0-0: Called Strike 0-1: Ball 1-1: Called Strike 1-2: Ball 2-2: Fly out, F7 (Flyball, 7, EV 79.4 MPH)
|
|
Batting: RHB Bubba Tierney
|
0-0: Ball 1-0: Ball 2-0: Foul Ball, location: 2F 2-1: Foul Ball, location: 2F 2-2: SINGLE (Line Drive, 4D, EV 103.8 MPH)
|
|
Batting: RHB Chris McCoy
|
0-0: Ball 1-0: Ball 2-0: Called Strike 2-1: Swinging Strike 2-2: Strikes out swinging
|
|
Batting: LHB Jorge Quintana
|
0-0: Called Strike 0-1: Ball 1-1: Ball Bubba Tierney is caught stealing 2nd base 2-6
|
| Top of the 4th over - 0 runs, 1 hit, 0 errors, 0 left on base; Indianapolis 0 - Gwinnett 4 |
| BOTTOM OF THE 4TH |
|
Gwinnett Braves batting - Pitching for Indianapolis Indians : RHP Walt Quinn
|
|
Batting: RHB Angel Lescano
|
0-0: Ball 1-0: Ground out 1-3 (Groundball, 15S, EV 73.1 MPH)
|
|
Batting: RHB Bill Turnbull
|
0-0: Ball 1-0: Called Strike 1-1: Called Strike 1-2: DOUBLE (Flyball, 78XD, EV 113.1 MPH)
|
|
Batting: LHB Davey Schonewille
|
0-0: Ball 1-0: Called Strike 1-1: Foul Ball, location: 2F 1-2: Ball 2-2: Foul Ball, location: 2F 2-2: DOUBLE (Groundball, 5L, EV 98.8 MPH) Bill Turnbull scores
|
|
Pitching: RHP Mike Malec
|
|
|
Batting: RHB Luis Revilla
|
0-0: Called Strike 0-1: Ball 1-1: Foul Ball, location: 2F 1-2: Ball 2-2: Foul Ball, location: 2F 2-2: Foul Ball, location: 2F 2-2: Ground out 5-3 (Groundball, 56, EV 80.0 MPH)
|
|
Batting: LHB Jose Chinchilla
|
0-0: SINGLE (Line Drive, 5D, EV 108.1 MPH) Davey Schonewille to third Runner from 3rd tries for Home, SAFE, throw by LF to home
|
|
Batting: RHB Jesse Lester
|
0-0: Fly out, F7 (Flyball, 7, EV 94.4 MPH)
|
| Bottom of the 4th over - 2 runs, 3 hits, 0 errors, 1 left on base; Indianapolis 0 - Gwinnett 6 |
| TOP OF THE 5TH |
|
Indianapolis Indians batting - Pitching for Gwinnett Braves : RHP Chris Thompson
|
|
Batting: LHB Jorge Quintana
|
0-0: Swinging Strike 0-1: Foul Ball, location: 2F 0-2: Ball 1-2: Ball 2-2: Ground out U3 (Groundball, 3L, EV 98.8 MPH)
|
|
Batting: SHB Louie Horne
|
0-0: Ball 1-0: Ball 2-0: Ground out 4-3 (Groundball, 4D, EV 104.4 MPH)
|
|
Batting: RHB Jorge Cruz
|
0-0: Called Strike 0-1: Foul Ball, location: 2F 0-2: DOUBLE (Groundball, 5L, EV 101.9 MPH)
|
|
Batting: LHB Ricky Ayon
|
0-0: Fly out, F7 (Flyball, 78M, EV 79.4 MPH)
|
| Top of the 5th over - 0 runs, 1 hit, 0 errors, 1 left on base; Indianapolis 0 - Gwinnett 6 |
| BOTTOM OF THE 5TH |
|
Gwinnett Braves batting - Pitching for Indianapolis Indians : RHP Mike Malec
|
|
Batting: LHB Bobby Upton
|
0-0: Called Strike 0-1: Ball 1-1: Ball 2-1: Ball 3-1: Single, Error in OF, E8, batter to second base (Groundball, 4, EV 105.0 MPH)
|
|
Batting: LHB Robby Dann
|
0-0: Ball 1-0: Swinging Strike 1-1: Foul Ball, location: 2F 1-2: Ball 2-2: DOUBLE (Line Drive, 7LS, EV 90.0 MPH) Bobby Upton scores
|
|
Batting: RHB Ethan McCullough
|
0-0: Foul Ball, location: 2F 0-1: Fly out, F9 (Line Drive, 9, EV 90.0 MPH)
|
|
Batting: RHB Angel Lescano
|
0-0: Foul Ball, location: 2F 0-1: SINGLE (Groundball, 56D, EV 96.3 MPH) Robby Dann to third Runner from 3rd tries for Home, SAFE, throw by LF to home
|
|
Batting: RHB Bill Turnbull
|
0-0: Foul Ball, location: 2F 0-1: Ball 1-1: Fielders Choice at 2nd, 5-4 (Groundball, 56, EV 86.9 MPH)
|
|
Batting: LHB Davey Schonewille
|
0-0: Ball 1-0: Foul Ball, location: 2F 1-1: Ball 2-1: Ground out U3 (Groundball, 34, EV 88.1 MPH)
|
| Bottom of the 5th over - 2 runs, 3 hits, 1 error, 1 left on base; Indianapolis 0 - Gwinnett 8 |
| TOP OF THE 6TH |
|
Indianapolis Indians batting - Pitching for Gwinnett Braves : RHP Chris Thompson
|
|
Batting: RHB David Contreras
|
0-0: Ball 1-0: SINGLE (Groundball, 6S, EV 65.0 MPH) (infield hit)
|
|
Batting: LHB Pat Sutton
|
0-0: Ball David Contreras steals 2nd base 1-0: Ball 2-0: Fly out, F7 (Flyball, 7, EV 90.6 MPH)
|
|
Batting: SHB Ben Myers
|
0-0: Ball 1-0: SINGLE (Groundball, 4MD, EV 96.3 MPH) David Contreras to third Runner from 3rd tries for Home, SAFE, throw by CF to home
|
|
Batting: RHB Bubba Tierney
|
0-0: Ball 1-0: Ball 2-0: Ball 3-0: Called Strike 3-1: Called Strike 3-2: Foul Ball, location: 2F 3-2: DOUBLE (Flyball, 8RXD, EV 96.3 MPH) Ben Myers to third
|
|
Batting: RHB Chris McCoy
|
0-0: Reached on error, E4 (Groundball, 4, EV 84.4 MPH) Ben Myers scores Bubba Tierney to third
|
|
Batting: LHB Jorge Quintana
|
0-0: Ball 1-0: Swinging Strike 1-1: Foul Ball, location: 2F 1-2: Strikes out swinging
|
|
Pitching: RHP Luis Alvarez
|
|
|
Batting: SHB Louie Horne
|
0-0: Called Strike 0-1: Ball 1-1: Called Strike 1-2: Fly out, F8 (Flyball, 8RM, EV 93.1 MPH)
|
| Top of the 6th over - 2 runs, 3 hits, 1 error, 2 left on base; Indianapolis 2 - Gwinnett 8 |
| BOTTOM OF THE 6TH |
|
Gwinnett Braves batting - Pitching for Indianapolis Indians : RHP Mike Malec
|
|
Batting: RHB Luis Revilla
|
0-0: Called Strike 0-1: Foul Ball, location: 2F 0-2: Ball 1-2: Strikes out swinging
|
|
Batting: LHB Jose Chinchilla
|
0-0: Swinging Strike 0-1: Ball 1-1: SINGLE (Groundball, 4MS, EV 70.0 MPH) (infield hit)
|
|
Batting: RHB Jesse Lester
|
0-0: Ball 1-0: Swinging Strike 1-1: Foul Ball, location: 2F 1-2: Strikes out swinging
|
|
Batting: LHB Bobby Upton
|
0-0: Ball 1-0: Ball 2-0: 2-RUN HOME RUN (Line Drive, 7D, EV 104.4 MPH), Distance : 384 ft
|
|
Batting: LHB Robby Dann
|
0-0: Ball 1-0: Swinging Strike 1-1: Ball 2-1: Ball 3-1: Base on Balls
|
|
Batting: RHB Ethan McCullough
|
0-0: Ball 1-0: Foul Ball, location: 2F 1-1: Swinging Strike 1-2: Strikes out swinging
|
| Bottom of the 6th over - 2 runs, 2 hits, 0 errors, 1 left on base; Indianapolis 2 - Gwinnett 10 |
| TOP OF THE 7TH |
|
Indianapolis Indians batting - Pitching for Gwinnett Braves : RHP Luis Alvarez
|
|
Batting: RHB Jorge Cruz
|
0-0: Ground out 6-3 (Groundball, 6, EV 89.4 MPH)
|
|
Batting: LHB Ricky Ayon
|
0-0: Called Strike 0-1: Foul Ball, location: 2F 0-2: Foul Ball, location: 2F 0-2: Ball 1-2: Strikes out swinging
|
|
Batting: RHB David Contreras
|
0-0: Called Strike 0-1: Foul Ball, location: 2F 0-2: Ball 1-2: Ball 2-2: Ball 3-2: DOUBLE (Line Drive, 7LM, EV 95.0 MPH)
|
|
Batting: LHB Pat Sutton
|
0-0: SINGLE (Groundball, 4MD, EV 100.0 MPH) David Contreras to third Runner from 3rd tries for Home, SAFE, throw by CF to home
|
|
Batting: SHB Ben Myers
|
0-0: Called Strike 0-1: Ball 1-1: Ball 2-1: Called Strike 2-2: Ball 3-2: Base on Balls Pat Sutton to second
|
|
Batting: RHB Bubba Tierney
|
0-0: Called Strike 0-1: Ball 1-1: Fly out, F7 (Line Drive, 7, EV 109.4 MPH)
|
| Top of the 7th over - 1 run, 2 hits, 0 errors, 2 left on base; Indianapolis 3 - Gwinnett 10 |
| BOTTOM OF THE 7TH |
|
Gwinnett Braves batting - Pitching for Indianapolis Indians : RHP Mike Malec
|
|
Batting: RHB Angel Lescano
|
0-0: Ground out 6-3 (Groundball, 6, EV 98.1 MPH)
|
|
Pinch Hitting: RHB Bobby Light
|
0-0: Ground out 1-3 (Groundball, 15S, EV 68.8 MPH)
|
|
Batting: LHB Davey Schonewille
|
0-0: Called Strike 0-1: Foul Ball, location: 2F 0-2: Strikes out looking
|
| Bottom of the 7th over - 0 runs, 0 hits, 0 errors, 0 left on base; Indianapolis 3 - Gwinnett 10 |
| TOP OF THE 8TH |
|
Indianapolis Indians batting - Pitching for Gwinnett Braves : RHP Luis Alvarez
|
|
Now at 1B: Ethan McCullough
|
|
|
Now at SS: Bobby Light
|
|
|
Batting: RHB Chris McCoy
|
0-0: Ball 1-0: Fly out, F8 (Flyball, 8RD, EV 89.4 MPH)
|
|
Batting: LHB Jorge Quintana
|
0-0: Ball 1-0: Ball 2-0: SINGLE (Groundball, 4D, EV 106.3 MPH)
|
|
Pinch Hitting: RHB Ramon Morales
|
0-0: Swinging Strike 0-1: Foul Ball, location: 2F 0-2: Strikes out swinging
|
|
Batting: RHB Jorge Cruz
|
0-0: Ball 1-0: Called Strike 1-1: Ball 2-1: SINGLE (Groundball, P, EV 87.5 MPH) (infield hit) Jorge Quintana to second
|
|
Batting: LHB Ricky Ayon
|
0-0: Ball 1-0: Called Strike 1-1: Swinging Strike 1-2: Strikes out looking
|
| Top of the 8th over - 0 runs, 2 hits, 0 errors, 2 left on base; Indianapolis 3 - Gwinnett 10 |
| BOTTOM OF THE 8TH |
|
Gwinnett Braves batting - Pitching for Indianapolis Indians : RHP Mike Malec
|
|
Now at 1B: Slamet Pamungkas
|
|
|
Batting: RHB Luis Revilla
|
0-0: Ball 1-0: Ball 2-0: Ball 3-0: Base on Balls
|
|
Pitching: RHP Mitch Ingerson
|
|
|
Batting: LHB Jose Chinchilla
|
0-0: Ball 1-0: Fielders Choice at 2nd, 1-6 (Groundball, 13, EV 62.5 MPH)
|
|
Batting: RHB Jesse Lester
|
0-0: Called Strike 0-1: Ball Jose Chinchilla steals 2nd base 1-1: Ball Wild Pitch! Jose Chinchilla to third 2-1: Called Strike 2-2: Ground out 4-3 (Groundball, 4M, EV 86.9 MPH) Jose Chinchilla scores
|
|
Batting: LHB Bobby Upton
|
0-0: Called Strike 0-1: Ball 1-1: Ball 2-1: Foul Ball, location: 2F 2-2: Ground out 4-3 (Groundball, 4, EV 85.0 MPH)
|
| Bottom of the 8th over - 1 run, 0 hits, 0 errors, 0 left on base; Indianapolis 3 - Gwinnett 11 |
| TOP OF THE 9TH |
|
Indianapolis Indians batting - Pitching for Gwinnett Braves : RHP Luis Alvarez
|
|
Batting: RHB David Contreras
|
0-0: Fly out, F2 (Popup, 23F, EV 88.1 MPH)
|
|
Batting: LHB Pat Sutton
|
0-0: Ball 1-0: Ball 2-0: Ground out 4-3 (Groundball, 34D, EV 99.4 MPH)
|
|
Batting: SHB Ben Myers
|
0-0: DOUBLE (Line Drive, 78M, EV 95.6 MPH)
|
|
Batting: RHB Bubba Tierney
|
0-0: Called Strike 0-1: Called Strike 0-2: Fly out, F8 (Line Drive, 8RM, EV 92.5 MPH)
|
| Top of the 9th over - 0 runs, 1 hit, 0 errors, 1 left on base; Indianapolis 3 - Gwinnett 11 |
|